AoeStats
← tony le gros rou

Socotra

506621678Analyzed
2v2 RM · 18d ago on Sep 14, 2026· 27m 58s· 4 players
Game mode
Random Map
Map size
Tiny (2 player)
Population
200
Speed
Normal
Resources
Standard
Victory
Conquest
Starting age
Dark Age
Ending age
Imperial Age
RankedLock teamsTeams togetherTeam positionsShared explorationLock speedFull tech treeHidden civsTurbo modeCheats
Victory
Defeat
🇫🇷 Saracens · France
1449
+16
🇫🇷 Romans · France
1432
+17
🇨🇳 Bohemians · China
1467
-17
🇩🇰 Lithuanians · Denmark
1438
-16
nQRLY
6:40 Loom
8:54 Feudal Age
10:09 Double-Bit Axe
17:31 Fletching
18:21 Horse Collar
20:04 Forging
23:55 Castle Age
24:35 Elite Skirmisher
25:12 Bodkin Arrow
26:12 Padded Archer Armor
run
6:16 Loom
9:14 Feudal Age
10:03 Double-Bit Axe
9:58 Horse Collar
21:45 Castle Age
27:17 Bow Saw
tony le gros rou
5:20 Loom
9:18 Feudal Age
15:01 Fletching
23:38 Castle Age
21:50 Padded Archer Armor
23:43 Double-Bit Axe
23:39 Crossbowman
24:16 Bodkin Arrow
25:19 Leather Archer Armor
ccereal
6:25 Loom
8:22 Feudal Age
8:45 Feudal Age
9:55 Double-Bit Axe
14:13 Forging
14:40 Scale Barding Armor
18:03 Wheelbarrow
19:02 Bloodlines
23:53 Castle Age
22:35 Horse Collar
25:02 Chain Barding Armor
24:38 Light Cavalry
26:12 Husbandry
Connection lost

Rejoining the realm…

Still unreachable

The connection could not be restored.

Session expired

The server has moved on; the page needs a fresh start.